 Dungeon Crawl Stone Soup version 0.31.0-9-g3a7656b989 (webtiles) character file.

Game seed: 3431194536238264042

56 qw the Shooter (level 3, -1/18 HPs)
             Began as a Spriggan Hunter on Feb 2, 2024.
             Slain by a goblin
             ... wielding a +0 dagger
             ... led by Robin
              (4 damage)
             ... on level 2 of the Dungeon.
             The game lasted 00:00:02 (1093 turns).

qw the Shooter (Spriggan Hunter)                    Turns: 1093, Time: 00:00:03

Health: -1/18      AC:  2    Str:  7    XL:     3   Next: 71%
Magic:  4/4        EV: 19    Int: 10    God:
Gold:   51         SH:  0    Dex: 20    Spells: 2/2 levels left

rFire   . . .        a - +0 shortbow
rCold   . . .        (shield currently unavailable)
rNeg    . . .        c - +0 robe
rPois   .            (helmet restricted)
rElec   .            (no cloak)
rCorr   .            (gloves unavailable)
SInv    +            (boots unavailable)
Will    .....        (no amulet)
Stlth   ++           (no ring)
HPRegen 0.23/turn    (no ring)
MPRegen 0.09/turn

%: no passive effects
@: very quick
A: very small, no large weapons, unfitting armour, see invisible, speed 3
a: no special abilities


You were on level 2 of the Dungeon.
You visited 1 branch of the dungeon, and saw 2 of its levels.

You collected 51 gold pieces.


Innate Abilities, Weirdness & Mutations

You are very small and have problems with some larger weapons.
You are too small for most types of armour.
You have supernaturally acute eyesight. (SInv)
You cover ground extremely quickly. (Speed+++)


   Skills:
 - Level 1.5 Fighting
 + Level 4.9 Ranged Weapons
 - Level 4.0 Dodging
 - Level 1.5 Stealth


You had 2 spell levels left.
You didn't know any spells.
Your spell library was empty.

Inventory:

Hand Weapons
 a - a +0 shortbow (weapon)
Armour
 c - a +0 robe (worn)
Potions
 d - a potion of cancellation {unknown}
 e - a potion of curing {unknown}
 f - a potion of enlightenment {unknown}

Dungeon Overview and Level Annotations

Branches:
Dungeon (2/15)

Altars:

Annotations:
D:2 Robin


Message History

A goblin comes into view. It is wielding a +0 dagger.
A goblin comes into view. It is wielding a +0 club.
A goblin comes into view. It is wielding a +0 dagger.
You shoot an arrow. The arrow barely misses the hobgoblin.
The goblin shoots a sling bullet.
The sling bullet completely misses you. The hobgoblin closely misses you.
Robin throws the goblin at you!
The goblin shoots a sling bullet.
The sling bullet misses you.
The sling bullet hits the goblin.
You hear a shout!
You shoot an arrow. The arrow closely misses the goblin.
The goblin completely misses you.
A goblin comes into view. It is wielding a +0 dagger.
Robin throws the goblin at you! The hobgoblin completely misses you.
You shoot an arrow. The arrow barely misses the goblin.
The goblin hits you with a +0 dagger.
A goblin comes into view. It is wielding a +0 club.
The goblin misses you.
The goblin unwields a +0 dagger.
The goblin wields a +0 sling.
The goblin shoots a sling bullet.
The sling bullet barely misses you. The hobgoblin closely misses you.
The goblin unwields a +0 sling.
The goblin wields a +0 dagger.
The goblin closely misses you.
You shoot an arrow. The arrow hits the goblin.
You kill the goblin!
The hobgoblin completely misses you. The goblin barely misses you.
The goblin closely misses you.
Robin roars a battlecry!
The goblins go into a battle-frenzy!
The goblin hits you with a +0 dagger.
You shoot an arrow. The arrow hits the hobgoblin.
The hobgoblin is severely wounded.
The hobgoblin closely misses you. The goblin barely misses you.
The goblin closely misses you. Robin throws the goblin at you!
The goblin misses you.
The goblin unwields a +0 sling.
The goblin wields a +0 dagger.
The goblin hits you but does no damage. The goblin hits you with a +0 dagger.
You shoot an arrow. The arrow hits the hobgoblin.
You kill the hobgoblin!
The goblin hits you with a +0 club. The goblin completely misses you.
The goblin hits you with a +0 dagger.
You die...

#.. .. #... ...
#... ##.. #....
#...
#....#+##..###
##...........
......ggg.#
...g.g.@g.#
)).)###g### .
###.# #...# .
#.### ..
#+##.#######...
#..............
#..>...........
#..............


You could see Robin and 6 goblins.

Vanquished Creatures
  An adder (D:2)
  A dart slug (D:1)
  4 ball pythons (D:1)
  4 endoplasms (D:1)
  2 giant cockroaches (D:1)
  9 goblins
  2 hobgoblins
  6 jackals (D:2)
  4 kobolds (D:1)
  A quokka (D:1)
  2 bats
  2 rats (D:1)
38 creatures vanquished.

Notes
Turn   | Place    | Note
-------+----------+-------------------------------------------
     0 | D:1      | qw the Spriggan Hunter began the quest for the Orb.
     0 | D:1      | Reached XP level 1. HP: 10/10 MP: 2/2
     0 | D:1      | 0 ||| qw: Version: 0.3-a-155-g5e7d8dd
     0 | D:1      | 0 ||| qw: Game counter: 117
     0 | D:1      | 0 ||| qw: Melee chars always use a shield: true
     0 | D:1      | 0 ||| qw: God list: Okawaru
     0 | D:1      | 0 ||| qw: Allow faded altars: false
     0 | D:1      | 0 ||| qw: Do Orc after clearing Dungeon:15 true
     0 | D:1      | 0 ||| qw: Do second Lair branch before Depths: true
     0 | D:1      | 0 ||| qw: Lair rune preference: random
     0 | D:1      | 0 ||| qw: Goals: Normal
     0 | D:1      | 0 ||| PLANNING D:1-11
    14 | D:1      | Reached skill level 3 in Dodging
    34 | D:1      | Reached XP level 2. HP: 14/14 MP: 3/3
   471 | D:1      | Reached XP level 3. HP: 6/18 MP: 4/4
   473 | D:1      | HP: 2/18 [goblin/+0 dagger (3)]
   908 | D:1      | 908 ||| READING scroll labelled HAEPRE CAOTEY.
   909 | D:1      | 909 ||| DROPPING scroll of butterflies.
  1084 | D:2      | Noticed Robin
  1092 | D:2      | HP: 3/18 [goblin/+0 dagger[Robin] (4)]
  1093 | D:2      | Slain by a goblin

Levels and vault maps discovered:
D:1:      dpeg_arrival_fog, layout_basic, nicolae_figureground_sparkle
D:2:      layout_basic, serial_shops, nicolae_shop_gibbet_a_chance,
          ebering_ecumenical_altar_sacrificial, uniq_terence, uniq_robin

Skill      XL: |  1  2 |
---------------+-------+-----
Dodging        | 3 4 |  4.0
Fighting       | |  1.5
Ranged Weapons | |  4.9
Stealth        | |  1.5

Action                     || total
---------------------------++-------
   Fire: Shortbow          ||    99
    Use: Scroll            ||     1
 Armour: Robe              ||    23
  Dodge: Dodged            ||    67

Table legend:
 A = Non-vault XP
 B = Vault XP
 C = Vault XP percentage of total XP
 D = Non-vault monster count
 E = Vault monster count
 F = Vault count percentage of total count
                 A         B        C        D         E       F
            +---------+---------+-------+---------+---------+-------
      Total |      73 |      10 |  12.0 |      32 |       6 |  15.8
            +---------+---------+-------+---------+---------+-------
        D:1 |      45 |       0 |   0.0 |      24 |       0 |   0.0
        D:2 |      28 |      10 |  26.3 |       8 |       6 |  42.9
            +---------+---------+-------+---------+---------+-------
